 Dungeon Crawl Stone Soup version 0.21.1-1-g345015fe64 (webtiles) character file.

228 Freyura the Slicer (level 5, -4/47 HPs)
             Began as a Vampire Assassin on May 5, 2018.
             Slain by Tali's ghost (8 damage)
             ... on level 3 of the Dungeon.
             The game lasted 00:09:10 (2105 turns).

Freyura the Slicer (Vampire Assassin)               Turns: 2105, Time: 00:09:11

Health: -4/47      AC:  3    Str:  8 (10) XL:     5   Next: 70%
Magic:  5/5        EV: 12    Int: 11 (14) God:
Gold:   89         SH:  0    Dex: 14 (16) Spells: 4/4 levels left

rFire    . . .     SeeInvis +   p - +0 dagger (vamp)
rCold    + . .     Gourm    .   (no shield)
rNeg     + + .     Faith    .   c - +0 robe
rPois    +         Spirit   .   (no helmet)
rElec    .         Reflect  .   d - +0 cloak
rCorr    .         Harm     .   (no gloves)
MR       .....                  (no boots)
Stlth    ++++......             (no amulet)
HPRegen  0.07/turn              (no ring)
MPRegen  0.09/turn              (no ring)

@: regenerating slowly
A: fangs 3, see invisible, unbreathing
a: Bat Form


You were on level 3 of the Dungeon.
You were very thirsty.

You visited 1 branch of the dungeon, and saw 3 of its levels.

You collected 89 gold pieces.

Inventory:

Hand Weapons
 a - a +2 dagger
 b - a +0 blowgun
 p - a +0 vampiric dagger (weapon)
Missiles
 e - 8 poisoned needles
 f - 2 curare-tipped needles
Armour
 c - a +0 robe (worn)
 d - a +0 cloak (worn)
Wands
 q - a wand of enslavement (6)
 r - a wand of random effects (29)
Scrolls
 k - 2 scrolls of teleportation {unknown}
 o - a scroll of identify {unknown}
Potions
 g - a potion of blood
 j - a potion of magic


   Skills:
 + Level 6.6 Fighting
 * Level 10.9 Short Blades
 - Level 1.5 Throwing
 - Level 1.1 Dodging
 - Level 6.0 Stealth


You had 4 spell levels left.
You didn't know any spells.

Dungeon Overview and Level Annotations

Branches:
Dungeon (3/15)

Altars:

Annotations:
D:3 Tali's ghost, amateur DsBe


Innate Abilities, Weirdness & Mutations

You heal slowly.
You have razor-sharp teeth.
You have supernaturally acute eyesight. (SInv)
You can survive without breathing.


Message History

You closely miss Tali's ghost.
Tali's ghost is moderately damaged.
Tali's ghost hits you!
* * * LOW HITPOINT WARNING * * *
You hit Tali's ghost but do no damage.
Tali's ghost is moderately damaged.
You hit Tali's ghost but do no damage.
Tali's ghost is moderately damaged.
Tali's ghost hits you.
* * * LOW HITPOINT WARNING * * *
Yummy - fresh blood!
You are feeling very thirsty.
Tali's ghost hits you.
* * * LOW HITPOINT WARNING * * *
You hit Tali's ghost but do no damage. Your bite misses Tali's ghost.
Tali's ghost is moderately damaged.
You closely miss Tali's ghost.
Tali's ghost is moderately damaged.
Tali's ghost hits you!
You die...

...# ..# #.# #)#
########.#
#........#
........r#
.!######W#
#..######@## #####
...........# #...
#..######..###.###
..............<###.#
.####.....##....>..#
.........###.......#
######.## #.#.###.#
#.# #.#..# # #.#
#.##.##.#


You could see Tali's ghost and a rat.

Vanquished Creatures
  Crazy Yiuf (D:2)
  A worker ant (D:3)
  An adder (D:3)
  A worm (D:2)
  3 dart slugs
  A leopard gecko (D:2)
  3 orcs (D:3)
  4 giant cockroaches (D:1)
  6 goblins
  5 hobgoblins
  6 bats
  2 frilled lizards (D:2)
  8 kobolds
  5 rats
47 creatures vanquished.

Notes
Turn   | Place    | Note
-------+----------+-------------------------------------------
     0 | D:1      | Freyura the Vampire Assassin began the quest for the Orb.
     0 | D:1      | Reached XP level 1. HP: 16/16 MP: 1/1
   265 | D:1      | Reached XP level 2. HP: 22/22 MP: 2/2
   365 | D:1      | Reached skill level 3 in Short Blades
   661 | D:2      | Found a runed door.
   665 | D:2      | Noticed Crazy Yiuf
   669 | D:2      | Killed Crazy Yiuf
   669 | D:2      | Reached XP level 3. HP: 28/28 MP: 3/3
  1028 | D:2      | Reached skill level 4 in Short Blades
  1091 | D:2      | Reached XP level 4. HP: 29/34 MP: 4/4
  2035 | D:3      | Noticed Tali's ghost (amateur DsBe)
  2056 | D:3      | Reached skill level 10 in Short Blades
  2056 | D:3      | Reached XP level 5. HP: 18/47 MP: 5/5
  2105 | D:3      | Slain by Tali's ghost

Skill      XL: |  1  2  3  4 |
---------------+-------------+-----
Stealth        | 6 |  6.0
Fighting       | 2 6 |  6.6
Short Blades   | 3 4 10 | 10.9
Throwing       | |  1.5
Dodging        | |  1.1

Action                   |  1- 3 |  4- 6 || total
-------------------------+-------+-------++-------
Melee: Dagger            |    84 |    80 ||   164
       Bite              |     4 |     8 ||    12
  Use: Scroll            |     1 |       ||     1
       Potion            |       |     9 ||     9
 Stab: Sleeping          |    13 |     6 ||    19
Armor: Robe              |    12 |     9 ||    21
Dodge: Dodged            |    35 |    25 ||    60
